 Dungeon Crawl Stone Soup version 0.30-a0-1160-g6e42c06551 (webtiles) character file.

Game seed: 3378005067323008638

35 qeuew the Grasshopper (level 3, 0/18 HPs)
             Began as a Spriggan Warper on Apr 25, 2023.
             Succumbed to an adder's poison
             ... on level 2 of the Dungeon.
             The game lasted 00:01:39 (1178 turns).

qeuew the Grasshopper (Spriggan Warper)             Turns: 1178, Time: 00:01:39

Health: 0/18       AC:  2    Str:  7    XL:     3   Next: 16%
Magic:  8/8        EV: 18    Int: 14    God:
Gold:   91         SH:  0    Dex: 16    Spells: 6/8 levels left

rFire   . . .        a - +0 short sword
rCold   . . .        (no shield)
rNeg    . . .        b - +0 robe
rPois   .            (helmet restricted)
rElec   .            (no cloak)
rCorr   .            (gloves unavailable)
SInv    +            (boots unavailable)
Will    .....        k - amulet of magic regeneration
Stlth   ++           e - ring of wizardry
HPRegen 0.23/turn    (no ring)
MPRegen 0.51/turn

%: wizardry (x1)
@: lethally poisoned (0 -> -1), very quick
A: very small, no large weapons, unfitting armour, see invisible, speed 3
a: no special abilities


You were on level 2 of the Dungeon.
You visited 1 branch of the dungeon, and saw 2 of its levels.

You collected 91 gold pieces.

Inventory:

Hand Weapons
 a - a +0 short sword (weapon)
Missiles
 d - 7 boomerangs of dispersal
Armour
 b - a +0 robe (worn)
Jewellery
 e - a ring of wizardry (left hand)
 k - an amulet of magic regeneration (around neck)
Scrolls
 c - a scroll of blinking
 g - 2 scrolls of teleportation


   Skills:
 + Level 1.7 Fighting
 * Level 2.6 Short Blades
 + Level 1.2 Throwing
 * Level 3.7 Dodging
 + Level 1.0 Stealth
 * Level 3.1 Spellcasting
 + Level 4.6 Translocations


You had 6 spell levels left.
You knew the following spells:

 Your Spells              Type           Power      Damage    Failure   Level
a - Blink                 Tloc           30%        N/A       1%          2

Your spell library contained the following spells:

 Spells                   Type           Power      Damage    Failure   Level
 Lesser Beckoning         Tloc           30%        N/A       1%          2
 Gell's Gravitas          Tloc           15%        N/A       4%          3
 Teleport Other           Tloc           15%        N/A       4%          3
 Beastly Appendage        Tmut           4%         N/A       9%          1
 Vhi's Electric Charge    Tloc/Air       16%        N/A       10%         3
 Manifold Assault         Tloc           15%        N/A       12%         4
 Passage of Golubria      Tloc           15%        N/A       12%         4
 Wereblood                Tmut           2%         N/A       13%         2
 Spider Form              Tmut/Pois      2%         N/A       26%         3
 Tukima's Dance           Hex            2%         N/A       26%         3
 Yara's Violent Unravell  Hex/Tmut       1%         3d3       90%         5


Dungeon Overview and Level Annotations

Branches:
Dungeon (2/15)

Altars:


Innate Abilities, Weirdness & Mutations

You are very small and have problems with some larger weapons.
You are too small for most types of armour.
You have supernaturally acute eyesight. (SInv)
You cover ground extremely quickly. (Speed+++)


Message History

The adder is moderately wounded.
The adder completely misses you.
You closely miss the adder.
The adder is moderately wounded.
The adder misses you. The adder completely misses you.
You barely miss the adder.
The adder is moderately wounded.
The adder bites you.
You are lethally poisoned!
The adder poisons you!
You are too injured to fight recklessly!
You are too injured to fight recklessly!
You are too injured to fight recklessly!
You are too injured to fight recklessly!
You are too injured to fight recklessly!
You are too injured to fight recklessly!
You are too injured to fight recklessly!
You are too injured to fight recklessly!
You are too injured to fight recklessly!
You are too injured to fight recklessly!
You are too injured to fight recklessly!
You are too injured to fight recklessly!
Casting: Blink (safe; 1% risk of failure)
Press: ? - help, Q - select action, (/) - cycle Dir - look around, f - activate You blink.
* * * LOW HITPOINT WARNING * * *
You feel sick.
You aren't carrying any potions.
* * * LOW HITPOINT WARNING * * *
You feel sick.
* * * LOW HITPOINT WARNING * * *
You feel sick.
* * * LOW HITPOINT WARNING * * *
You feel sick.
* * * LOW HITPOINT WARNING * * *
You feel sick.
You feel stable enough to blink again.
* * * LOW HITPOINT WARNING * * *
You feel sick.
You die...

...............##.#
............P..##.#
....##.##.....##.# .
#.####...##.# #.# #####.# #S#
#.# #.# #.# #.# #.#
#@#########.###### .
#.#..........)....
.############
#.#<......##.####.
............# #.#.#...#.##.#
#.
.........†..####.#.#.#.#>##.#
#.
.................#.#.#.#.##.#
#.
............######.#.#.#.##.#
#.
.........<...........#.#.##.#
#.
...[........######.###.#.##.#.
#.


You could see an adder.

Vanquished Creatures
  4 endoplasms (D:1)
  2 giant cockroaches (D:1)
  4 goblins
  6 hobgoblins
  2 jackals (D:1)
  A kobold (D:2)
  2 ball pythons (D:1)
  A ball python skeleton (D:2)
  A ball python zombie (D:2)
  2 bats (D:1)
  3 frilled lizards
  2 rats (D:1)
30 creatures vanquished.

Notes
Turn   | Place    | Note
-------+----------+-------------------------------------------
     0 | D:1      | qeuew the Spriggan Warper began the quest for the Orb.
     0 | D:1      | Reached XP level 1. HP: 10/10 MP: 5/5
   181 | D:1      | Reached XP level 2. HP: 7/14 MP: 6/6
   414 | D:1      | Reached skill level 1 in Stealth
   812 | D:1      | Learned a level 2 spell: Blink
   926 | D:1      | Reached XP level 3. HP: 18/18 MP: 8/8
  1178 | D:2      | Succumbed to an adder's poison

Illustrated notes

Levels and vault maps discovered:
D:1:      co_arrival_square_in_a_square_in_a_square, layout_basic
D:2:      layout_basic, serial_undead, serial_undead_c, serial_undead_c,
          serial_undead_b, serial_undead_a,
          chequers_ecumenical_altar_simple_redux, minmay_vboxes

Skill      XL: |  1  2 |
---------------+-------+-----
Spellcasting   | 3 |  3.1
Stealth        | 1 |  1.0
Fighting       | |  1.7
Short Blades   | |  2.6
Throwing       | |  1.2
Dodging        | |  3.7
Translocations | |  4.6

Action                     || total
---------------------------++-------
  Melee: Short sword       ||   122
         Punch             ||     1
   Cast: Blink             ||     1
    Use: Potion            ||     3
         Scroll            ||     2
   Stab: Sleeping          ||     6
 Armour: Robe              ||    11
  Dodge: Dodged            ||    85

Table legend: (Time is in decaauts)
 A = Elapsed time spent in this place.
 B = Non-inter-level travel time spent in this place.
 C = Inter-level travel time spent in this place.
 D = Time resting spent in this place.
 E = Time spent auto-exploring this place.
 F = Levels seen in this place.
 G = Mean time per level.
                   A        B        C        D        E       F      G
               +--------+--------+--------+--------+--------+-----+--------+
         Total |    790 |    754 |     36 |      0 |    565 |   2 |  395.0 |
       Dungeon |    790 |    754 |     36 |      0 |    565 |   2 |  395.0 |
               +--------+--------+--------+--------+--------+-----+--------+

Top non-repeatable levels by time:
     D:1: 681 daAuts
     D:2: 109 daAuts
